 Dungeon Crawl Stone Soup version 0.27.1 (webtiles) character file.

Game seed: 16307412761382723966

348 ZARRMARR the Insei (level 6, -7/41 HPs)
             Began as an Octopode Transmuter on Sept 4, 2021.
             Mangled by a gnoll (8 damage)
             ... on level 5 of the Dungeon.
             The game lasted 00:19:46 (6034 turns).

ZARRMARR the Insei (Octopode Transmuter)            Turns: 6034, Time: 00:19:47

Health: -7/41      AC:  1    Str:  9    XL:     6   Next: 60%
Magic:  10/10      EV: 14    Int: 17    God:
Gold:   157        SH:  0    Dex: 13    Spells: 8/10 levels left

rFire    . . .     SeeInvis .     - Unarmed
rCold    . . .     Faith    .   (no shield)
rNeg     . . .     Spirit   .   (helmet restricted)
rPois    .         Reflect  .   (no amulet)
rElec    .         Harm     .   m - ring of resist corrosion
rCorr    +         Rampage  .   (no ring)
Will     .....                  (no ring)
Stlth    +++.......             (no ring)
HPRegen  0.13/turn              (no ring)
MPRegen  0.12/turn              (no ring)
                                (no ring)
                                (no ring)

@: no status effects
A: almost no armour, amphibious, 8 rings, camouflage 1, gelatinous body 1,
(nimble swimmer 1), tentacles
a: no special abilities


You were on level 5 of the Dungeon.
You visited 1 branch of the dungeon, and saw 5 of its levels.

You collected 157 gold pieces.

Inventory:

Missiles
 b - 4 boomerangs (quivered)
 i - 12 poisoned darts
Jewellery
 m - a ring of resist corrosion (left tentacle)
Wands
 h - a wand of digging (5)
Scrolls
 c - 2 scrolls of silence
 f - a scroll of teleportation
Potions
 g - a potion of brilliance
 j - a potion of experience {unknown}
 k - a potion of attraction {unknown}
 l - a potion of invisibility {unknown}
 n - a potion of degeneration {unknown}


   Skills:
 + Level 2.7 Fighting
 + Level 3.3 Dodging
 + Level 3.3 Stealth
 + Level 3.8 Unarmed Combat
 + Level 2.9 Spellcasting
 + Level 1.0 Translocations
 + Level 3.2 Transmutations


You had 8 spell levels left.
You knew the following spells:

 Your Spells              Type           Power      Damage    Failure   Level
a - Beastly Appendage     Tmut           26%        N/A       4%          1
c - Apportation           Tloc           12%        N/A       12%         1

Your spell library contained the following spells:

 Spells                   Type           Power      Damage    Failure   Level
 Wereblood                Tmut           13%        N/A       7%          2
 Animate Skeleton         Necr           4%         N/A       19%         1
 Corona                   Hex            2%         N/A       19%         1
 Summon Small Mammal      Summ           8%         N/A       19%         1
 Spider Form              Tmut/Pois      4%         N/A       26%         3
 Tukima's Dance           Hex            2%         N/A       47%         3
 Ice Form                 Ice/Tmut       8%         N/A       65%         4
 Passage of Golubria      Tloc           N/A        N/A       75%         4
 Yara's Violent Unravell  Hex/Tmut       4%         3d4       94%         5


Dungeon Overview and Level Annotations

Branches:
Dungeon (5/15)
 Temple: D:4-7

Altars:
Ru

Portals:
Sewer: D:5

Annotations:
D:3 1 runed translucent door, Aquadroid's ghost, weakling OpVM
D:5 1 runed translucent door, Pikel; cummra's ghost, novice GrEE


Innate Abilities, Weirdness & Mutations

You cannot wear most types of armour.
You are amphibious.
You can wear up to eight rings at the same time.
Your skin changes colour to match your surroundings (Stealth+).
Your rubbery body absorbs attacks. (AC +1, EV +1)
((You are camouflaged near water. (Stealth+)))
You have tentacles for arms and can constrict up to eight enemies at once.


Message History

Aim: a gnoll, wielding a +0 spear (severely wounded, 61% to hit)
You throw a boomerang. The boomerang hits the gnoll.
The gnoll is almost dead.
The gnoll hits you but does no damage.
Throw: 4 boomerangs
Press: ? - help, Q - select action, (/) - cycle Shift-Dir - straight line, f/p - gnoll
Aim: a gnoll, wielding a +0 spear (almost dead, 61% to hit)
You throw a boomerang. The boomerang barely misses the gnoll.
The gnoll hits you but does no damage. x2
Unknown command.
Throw: 4 boomerangs
Press: ? - help, Q - select action, (/) - cycle Shift-Dir - straight line, f/p - gnoll
Aim: a gnoll, wielding a +0 spear (almost dead, 61% to hit)
You throw a boomerang.
The boomerang hits the gnoll but does no damage.
The gnoll is almost dead.
The gnoll hits you from afar with a +0 spear.
* * * LOW HITPOINT WARNING * * *
Throw: 4 boomerangs
Press: ? - help, Q - select action, (/) - cycle Shift-Dir - straight line, f/p - gnoll
Aim: a gnoll, wielding a +0 spear (almost dead, 61% to hit)
You throw a boomerang. The boomerang closely misses the gnoll.
The gnoll hits you but does no damage.
Unknown command.
Throw: 4 boomerangs
Press: ? - help, Q - select action, (/) - cycle Shift-Dir - straight line, f/p - gnoll
Aim: a gnoll, wielding a +0 spear (almost dead, 61% to hit)
You throw a boomerang. The boomerang barely misses the gnoll.
You feel less wooden. The gnoll closely misses you.
Unknown command.
The gnoll hits you with a +0 spear.
* * * LOW HITPOINT WARNING * * *
Things that are here:
a +0 club; a river rat corpse; a river rat corpse You tentacle-slap the gnoll but do no damage.
Your grab misses the gnoll.
The gnoll is almost dead.
The gnoll hits you with a +0 spear!
You die...

#..##.#.........########..
#...##(......... ∩≈≈≈...
##.............# ≈≈≈≈...
##.#.#......... ≈≈≈≈..#
####.......# ≈≈≈....
##....#.## ####≈≈.....
#..##.# ##...#
##..##.#####..g.#
##...##...#.#)@.## .... .#.#
#.....##...)).### .S... ...#
##....#.....>.# ..)..#....
#.....##....#.# ####...##...
##....##...##.####.#.......#
##............#...........###
#..##.....##.#.............#
#...#...###.....##.........##
#........###....###†........#


You could see a gnoll.

Vanquished Creatures
  A jelly (D:4)
  Jessica (D:3)
  An iguana (D:4)
  Ijyb (D:3)
  2 orc wizards (D:5)
  A hound zombie (D:5)
  A howler monkey zombie (D:5)
  2 gnolls (D:5)
  An adder (D:4)
  4 river rats
  An adder zombie (D:5)
  3 worms
  3 dart slugs
  8 orcs
  6 endoplasms
  4 giant cockroaches
  2 goblins
  7 hobgoblins
  3 jackals (D:3)
  A quokka (D:3)
  11 ball pythons
  4 bats
  3 frilled lizards
  4 kobolds
  8 rats
83 creatures vanquished.

Notes
Turn   | Place    | Note
-------+----------+-------------------------------------------
     0 | D:1      | ZARRMARR the Octopode Transmuter began the quest for the
                  | Orb.
     0 | D:1      | Reached XP level 1. HP: 13/13 MP: 3/3
   446 | D:1      | Reached XP level 2. HP: 18/18 MP: 3/5
   763 | D:1      | Found a faded altar of an unknown god.
   856 | D:1      | Reached skill level 1 in Stealth
   892 | D:1      | Reached XP level 3. HP: 20/23 MP: 4/6
  2018 | D:3      | Found a runed translucent door.
  2038 | D:3      | Noticed Aquadroid's ghost (weakling OpVM)
  2245 | D:3      | Found a runed translucent door.
  2277 | D:3      | Noticed Jessica
  2291 | D:3      | Killed Jessica
  2292 | D:3      | Reached XP level 4. HP: 22/29 MP: 7/7
  2509 | D:3      | Noticed Ijyb
  2538 | D:3      | Killed Ijyb
  3537 | D:3      | Reached XP level 5. HP: 25/34 MP: 6/8
  5030 | D:4      | Found a sacrificial altar of Ru.
  5148 | D:4      | Learned a level 1 spell: Apportation
  5532 | D:4      | Identified the +2 robe "Son Cot" {Regen+ rCorr Dex-3 SInv}
  5619 | D:5      | Entered Level 5 of the Dungeon
  5625 | D:5      | Noticed a lemure
  5649 | D:5      | Noticed an ogre
  5649 | D:5      | Noticed a phantom
  5681 | D:5      | Noticed a lemure
  5681 | D:5      | Noticed a lemure
  5681 | D:5      | Noticed a lemure
  5682 | D:5      | Noticed Pikel
  5689 | D:5      | Found a runed translucent door.
  5690 | D:5      | Noticed cummra's ghost (novice GrEE)
  5709 | D:5      | Reached XP level 6. HP: 18/41 MP: 10/10
  5723 | D:5      | HP: 2/41 [constriction (1)]
  5886 | D:5      | Found a glowing drain.
  6014 | D:5      | Reached skill level 1 in Translocations
  6033 | D:5      | HP: 1/41 [gnoll (3)]
  6034 | D:5      | Mangled by a gnoll

Illustrated notes

Levels and vault maps discovered:
D:1:      zelgadis_glass_arrival_small, layout_loops_cross,
          basic_ecumenical_altar
D:2:      layout_basic, roderic_serpentine_path
D:3:      layout_basic, ebering_ghost_sewer_f, uniq_jessica, uniq_ijyb
D:4:      layout_gridville, mainiacjoe_overflow_boulevard
D:5:      minmay_bubble_buster, layout_cave_pools, ebering_ghost_sewer_d,
          portal_sewer_entry_b, uniq_eustachio, uniq_duvessa, uniq_pikel

Skill      XL: |  1  2  3  4  5  6 |
---------------+-------------------+-----
Stealth        | 1 2 3 |  3.3
Fighting       | 2 |  2.7
Dodging        | 3 |  3.3
Transmutations | 3 |  3.2
Translocations | 1 |  1.0
Unarmed Combat | |  3.8
Spellcasting   | |  2.9

Action                   |  1- 3 |  4- 6 || total
-------------------------+-------+-------++-------
Melee: Unarmed           |    63 |   141 ||   204
       Kick              |    16 |    42 ||    58
       Constrict         |    19 |    31 ||    50
       Tentacles         |    11 |    14 ||    25
       Punch             |       |     4 ||     4
Throw: Dart              |     5 |     6 ||    11
       Boomerang         |       |    41 ||    41
 Cast: Beastly Appendage |    29 |    28 ||    57
       Apportation       |       |     2 ||     2
Evoke: Wand              |       |     4 ||     4
  Use: Scroll            |     3 |     3 ||     6
       Potion            |       |     6 ||     6
 Stab: Sleeping          |     5 |     3 ||     8
Armor: Skin              |     6 |    31 ||    37
Dodge: Dodged            |    35 |    63 ||    98
